Map: [ESL] Data-C

Players

Lambo - Winner!

  • Race: Zerg Zerg
  • League: Master
  • Spawn Location: 3:00

Spirit (souL)

  • Race: Terran Terran
  • Spawn Location: 9:00

Event: HomeStory Cup XXI

VOD

Have the link to the VOD?

Description

Time

  • Played on: July 23, 2022, 8:35 a.m.
  • Length: 14:42

All games in this series

Show
View Real Time Build Order
Export as new Build Order

Lambo Zerg - Winner!

Build Orders: Hatch First 

Get SALT Encoding   

  12  0:00  Drone  
  13  0:12  Overlord  
  13  0:17  Drone  
  14  0:31  Drone x2  
  16  0:48  Hatchery  
  15  0:51  Drone  
  15  0:55  Drone  
  17  0:58  Drone  
  18  1:09  Extractor  
  17  1:14  Spawning Pool  
  17  1:17  Drone  
  17  1:20  Drone  
  18  1:28  Drone  
  19  1:39  Drone  
  20  1:50  Drone  
  21  2:00  Queen x2  
  21  2:01  Zergling x4  
  27  2:10  Drone  
  27  2:11  Overlord  
  28  2:21  Hatchery  
  27  2:24  Drone  
  27  2:29  Drone  
  29  2:32  Drone x2  
  31  2:40  Queen  
  33  2:45  Overlord  
  33  2:48  Drone  
  34  2:52  Metabolic Boost  
  34  2:54  Drone  
  34  2:58  Drone  
  36  3:03  Queen  
  38  3:07  Drone x2  
  38  3:11  Drone  
  41  3:15  Drone x2  
  43  3:25  Overlord  
  43  3:27  Overlord  
  43  3:31  Drone  
  43  3:33  Queen, Drone  
  47  3:38  Queen  
  49  3:45  Drone x5  
  54  3:49  Drone x2  
  54  3:51  Drone  
  54  3:54  Drone  
  58  3:56  Drone  
  58  3:59  Drone x3  
  62  4:05  Overlord  
  62  4:08  Drone x2  
  64  4:15  Queen  
  66  4:20  Overlord  
  66  4:22  Overlord  
  66  4:24  Drone  
  66  4:25  Drone  
  66  4:29  Overlord, Extractor  
  66  4:30  Drone x3, Lair  
  69  4:32  Drone  
  69  4:36  Overlord  
  69  4:37  Queen  
  69  4:38  Overlord  
  72  4:44  Drone  
  73  4:47  Drone x2  
  73  4:50  Drone x2  
  73  4:52  Drone x2  
  79  4:55  Drone x2  
  79  4:56  Hatchery  
  79  4:59  Baneling Nest, Overlord  
  79  5:01  Drone x2  
  79  5:03  Overlord  
  79  5:05  Zergling x4  
  83  5:12  Extractor  
  83  5:13  Extractor  
  81  5:14  Zergling x6  
  81  5:15  Spore Crawler  
  81  5:16  Spore Crawler  
  81  5:17  Spore Crawler  
  81  5:18  Queen  
  83  5:23  Evolution Chamber  
  83  5:25  Evolution Chamber  
  83  5:27  Zergling x4  
  83  5:28  Drone x5  
  83  5:31  Drone x2  
  83  5:34  Drone  
  91  5:40  Drone x2  
  91  5:42  Extractor  
  92  5:46  Drone  
  93  5:50  Drone x5  
  93  5:51  Centrifugal Hooks  
  93  5:52  Zerg Melee Weapons Level 1, Zerg Ground Armor Level 1  
  98  5:59  Zergling x4  
  98  6:00  Drone x2, Zergling x2  
  98  6:01  Drone x2  
  105  6:04  Drone, Extractor  
  105  6:09  Drone  
  105  6:10  Drone x2  
  108  6:13  Hydralisk Den  
  108  6:15  Zergling x4  
  109  6:19  Zergling x2  
  110  6:26  Overlord  
  110  6:27  Zergling x10  
  110  6:30  Baneling  
  110  6:31  Baneling x2  
  110  6:32  Baneling x2  
  114  6:33  Drone x2  
  114  6:39  Zergling x6  
  119  6:41  Overlord  
  119  6:45  Overlord  
  119  6:47  Overlord  
  119  6:50  Grooved Spines, Hatchery  
  118  6:55  Zergling x14  
  118  6:58  Baneling x3  
  118  6:59  Baneling x6  
  123  7:01  Zergling x2  
  123  7:04  Zergling x4  
  123  7:07  Zergling x14  
  133  7:10  Overlord  
  132  7:21  Overlord  
  133  7:22  Zergling x2  
  133  7:23  Zergling x14  
  133  7:29  Overlord  
  140  7:31  Baneling x3  
  140  7:32  Queen  
  140  7:35  Queen, Hydralisk x4  
  140  7:37  Overlord x2  
  151  7:38  Overlord  
  151  7:46  Zerg Ground Armor Level 2, Zerg Melee Weapons Level 2  
  151  7:49  Baneling x3  
  151  7:50  Hydralisk  
  151  7:51  Hydralisk x5  
  153  7:55  Zergling x12  
  153  7:58  Baneling x7  
  169  8:01  Zergling x2, Muscular Augments  
  169  8:02  Queen x2  
  174  8:06  Baneling x2, Zergling x6  
  174  8:09  Baneling x2  
  174  8:11  Zergling x10  
  182  8:16  Zergling x10  
  186  8:24  Zergling x16  
  172  8:29  Zergling x8  
  172  8:33  Infestation Pit  
  158  8:34  Hydralisk  
  158  8:37  Hydralisk x3  
  162  8:46  Zergling x16  
  170  8:54  Zergling x8  
  170  8:55  Zergling x8  
  178  8:57  Baneling x14  
  178  9:03  Zergling x6  
  178  9:05  Drone x3  
  178  9:06  Drone x2  
  178  9:07  Drone x2  
  178  9:09  Baneling x6  
  188  9:17  Zergling x6  
  188  9:19  Baneling x9  
  188  9:22  Drone x3  
  193  9:28  Zergling x12  
  198  9:31  Zergling x2  
  198  9:34  Overlord  
  198  9:37  Overlord  
  195  9:41  Zergling x18  
  195  9:45  Zergling x4  
  194  9:48  Zergling x12  
  184  9:57  Zergling x10  
  184  9:58  Spawning Pool  
  182  10:01  Lair  
  182  10:06  Hydralisk  
  182  10:07  Hydralisk x3  
  182  10:13  Hydralisk x4  
  189  10:21  Hatchery  
  189  10:27  Baneling x4  
  188  10:30  Extractor  
  188  10:31  Drone x9  
  196  10:36  Baneling x3, Hatchery  
  195  10:46  Zergling x8  
  195  10:49  Extractor  
  198  10:50  Baneling x4  
  198  10:54  Overlord  
  198  10:59  Baneling x5  
  198  11:00  Hive  
  198  11:06  Overlord x2  
  198  11:08  Overlord  
  198  11:11  Zergling x10  
  200  11:14  Zergling x14  
  200  11:15  Zergling x2  
  197  11:19  Zergling x4  
  197  11:24  Hatchery  
  190  11:25  Zergling x2  
  190  11:26  Zergling x14  
  187  11:37  Zergling x20  
  163  11:48  Zergling x6  
  159  11:54  Baneling x3  
  159  11:55  Hydralisk x3  
  159  11:56  Hydralisk  
  164  12:02  Hydralisk  
  164  12:03  Hydralisk x5  
  156  12:12  Hydralisk  
  156  12:13  Hydralisk x2  
  150  12:16  Adrenal Glands  
  150  12:21  Hatchery  
  148  12:33  Drone x3  
  148  12:34  Drone x3  
  148  12:35  Zergling x8  
  158  12:39  Drone  
  158  12:42  Drone x2  
  157  12:53  Zergling x10  
  162  13:00  Viper x2  
  162  13:05  Zergling x10  
  173  13:06  Baneling x11  
  173  13:22  Zergling x16  
  173  13:26  Baneling x12  
  180  13:28  Zergling x6  
  186  13:34  Drone x3, Unknown  
  186  13:38  Drone  
  186  13:39  Drone x2  
  188  13:42  Hatchery  
  188  13:48  Zergling x20  
  196  13:50  Baneling x10  
  196  13:51  Baneling  
  196  13:57  Baneling  
  196  13:58  Drone x4  
  196  13:59  Spore Crawler  
  199  14:16  Zergling x38  
  173  14:24  Zergling x8  
Show
View Real Time Build Order
Export as new Build Order

Spirit Terran 

Build Orders: Reaper Expand 

Get SALT Encoding   

  12  0:00  SCV  
  13  0:12  SCV  
  14  0:17  Supply Depot  
  14  0:24  SCV  
  15  0:38  SCV  
  15  0:41  Barracks  
  16  0:44  Refinery  
  16  0:51  SCV  
  17  1:03  SCV  
  18  1:15  SCV  
  19  1:28  Orbital Command, Reaper  
  20  1:39  Command Center  
  20  1:47  Supply Depot  
  20  1:54  SCV  
  20  2:00  Marine  
  22  2:06  SCV  
  23  2:12  Factory  
  23  2:18  SCV  
  25  2:25  Barracks Reactor  
  24  2:30  SCV  
  25  2:40  Command Center  
  25  2:42  SCV  
  26  2:51  Orbital Command  
  26  2:55  SCV  
  27  2:59  Starport  
  27  3:03  Refinery  
  27  3:07  SCV  
  27  3:10  Hellion  
  30  3:14  Hellion  
  30  3:17  Barracks Tech Lab  
  30  3:18  SCV  
  33  3:21  SCV  
  34  3:30  SCV  
  34  3:31  Hellion  
  34  3:33  SCV  
  38  3:36  Hellion  
  38  3:41  Viking  
  42  3:42  Barracks Tech Lab  
  42  3:43  SCV  
  42  3:47  SCV  
  44  3:52  Orbital Command  
  45  3:55  SCV  
  45  3:59  Hellion, SCV  
  45  4:01  Hellion  
  50  4:03  Stimpack  
  50  4:07  SCV  
  51  4:11  SCV  
  51  4:14  Supply Depot  
  52  4:19  SCV  
  52  4:20  SCV  
  52  4:23  Liberator  
  61  4:33  SCV x2  
  61  4:35  Barracks  
  61  4:38  Orbital Command, Barracks, Supply Depot  
  59  4:39  Refinery  
  59  4:40  Refinery  
  59  4:41  Factory Reactor  
  59  4:45  SCV  
  60  4:46  Marine  
  60  4:48  SCV  
  60  4:52  Engineering Bay x2  
  62  4:57  SCV  
  63  5:00  SCV  
  63  5:04  SCV, Marine  
  63  5:06  Supply Depot  
  66  5:08  Starport Reactor  
  66  5:09  SCV  
  66  5:12  SCV  
  66  5:16  SCV  
  66  5:19  Terran Infantry Armor Level 1, Terran Infantry Weapons Level 1  
  66  5:20  Bunker  
  68  5:21  SCV, Marine  
  68  5:24  SCV  
  70  5:28  SCV  
  70  5:29  Siege Tank, Marine x2  
  70  5:33  SCV  
  77  5:37  Marine x2  
  77  5:38  SCV  
  77  5:39  Marine  
  77  5:40  SCV  
  77  5:42  Supply Depot  
  82  5:43  Supply Depot  
  82  5:45  SCV, Supply Depot  
  82  5:46  Combat Shield  
  82  5:47  Marine x2  
  85  6:03  Medivac, SCV x3, Marine x3  
  93  6:04  Marine  
  93  6:05  Siege Tank, Medivac  
  93  6:08  Marine  
  100  6:15  SCV x2  
  100  6:17  Supply Depot  
  103  6:21  Marine x3  
  103  6:22  Marine  
  106  6:26  Missile Turret  
  106  6:27  Barracks x2  
  106  6:30  Armory, Marine  
  106  6:31  SCV  
  108  6:33  SCV  
  108  6:39  SCV, Marine x3  
  112  6:44  Marine  
  112  6:48  Marine  
  112  6:49  Supply Depot  
  112  6:53  Supply Depot  
  113  6:57  Marine x3  
  116  7:02  Marine  
  116  7:04  Refinery  
  117  7:11  Medivac x2, SCV, Siege Tank, Marine  
  117  7:14  Marine  
  117  7:15  Marine  
  126  7:17  Barracks Reactor x2  
  126  7:20  Supply Depot  
  126  7:21  Supply Depot  
  127  7:23  Marine  
  124  7:30  Marine x2, Command Center  
  124  7:32  Marine  
  124  7:33  Marine  
  128  7:41  Medivac x2, Marine  
  133  7:45  Refinery  
  133  7:46  Terran Infantry Armor Level 2, Terran Infantry Weapons Level 2, Supply Depot  
  133  7:48  Marine  
  133  7:50  SCV, Supply Depot  
  135  7:51  Marine  
  135  7:52  Marine  
  135  7:53  Marine  
  138  8:00  Siege Tank  
  141  8:07  Marine x2  
  141  8:11  Medivac, Marine  
  141  8:12  Marine  
  147  8:13  Marine  
  147  8:24  Marine x4  
  147  8:25  Marine  
  131  8:27  Marine  
  131  8:29  Marine  
  131  8:32  Siege Tank  
  131  8:33  Marine  
  131  8:34  Marine  
  115  8:38  Medivac  
  115  8:40  SCV x3  
  119  8:41  Medivac  
  119  8:42  Marine x4  
  119  8:43  Marine  
  119  8:45  Factory, Marine  
  127  8:50  Marine  
  127  8:52  SCV x3  
  131  9:04  SCV x3, Marine  
  131  9:08  Planetary Fortress  
  135  9:15  Barracks  
  135  9:16  Refinery, SCV x3, Barracks  
  135  9:17  Refinery  
  138  9:18  Barracks  
  138  9:23  Siege Tank  
  141  9:25  Sensor Tower  
  141  9:26  Marine, Marauder, Sensor Tower  
  141  9:28  SCV x3, Marine  
  148  9:31  Marine  
  148  9:32  Marine x4  
  148  9:33  Marine  
  148  9:35  Factory Tech Lab  
  154  9:40  SCV x2  
  154  9:44  Marine  
  149  9:47  Marine  
  149  9:48  Marine  
  149  9:49  Marine x5  
  149  9:51  Marine  
  147  9:55  Siege Tank  
  148  10:02  Marine  
  148  10:03  Command Center  
  148  10:05  Marine  
  149  10:11  Marine x2  
  150  10:16  Siege Tank  
  151  10:21  Barracks Tech Lab x2  
  151  10:24  Medivac  
  151  10:25  Command Center  
  151  10:27  Barracks Tech Lab  
  137  10:32  SCV x2, Sensor Tower  
  139  10:39  Siege Tank, Marine  
  139  10:42  SCV  
  144  10:45  SCV  
  144  10:46  SCV  
  144  10:48  Siege Tank  
  148  10:53  Marauder x2  
  148  10:57  Supply Depot  
  152  10:59  SCV  
  152  11:00  Supply Depot  
  152  11:04  Missile Turret, Marauder  
  153  11:06  Marine x2  
  156  11:11  Siege Tank  
  138  11:18  Marine  
  138  11:19  Marauder  
  138  11:20  Siege Tank, Marine x6  
  138  11:22  Marine  
  138  11:24  Marine  
  138  11:29  Marine  
  138  11:30  Marauder  
  139  11:36  Marine  
  139  11:38  Marine x4  
  139  11:39  Marine, Marauder  
  142  11:41  Marine  
  142  11:42  Marine  
  142  11:43  Siege Tank, Marine  
  118  11:47  Marine  
  118  11:50  Marine  
  118  11:52  Siege Tank  
  118  11:54  Marine  
  95  11:56  Marine x2  
  95  11:57  Marine  
  95  12:01  Marine x2  
  92  12:12  Orbital Command, Marine  
  92  12:13  Marine  
  92  12:14  Marine  
  84  12:16  Siege Tank  
  84  12:20  Marine  
  84  12:21  Marine  
  89  12:24  Siege Tank  
  89  12:29  Marine x2  
  91  12:32  Marine x2  
  93  12:41  Medivac  
  93  12:44  Marine  
  96  12:47  Medivac  
  96  12:48  Siege Tank  
  93  12:52  SCV x3  
  93  12:56  Siege Tank  
  97  13:00  Planetary Fortress  
  97  13:04  SCV x3  
  100  13:16  SCV x3  
  101  13:20  Siege Tank  
  101  13:22  Sensor Tower  
  101  13:25  Medivac x2  
  108  13:28  SCV x3, Siege Tank  
  114  13:37  SCV  
  114  13:38  Command Center  
  114  13:40  SCV x3  
  118  13:45  Sensor Tower  
  118  13:47  Supply Depot  
  117  13:49  SCV  
  117  13:52  SCV x3, Siege Tank  
  117  13:55  Supply Depot  
  124  14:05  Supply Depot  
  124  14:08  SCV x2, Medivac x2  
  130  14:10  SCV, Supply Depot  
  117  14:18  Marine  
  117  14:21  Marine  
  117  14:24  Marine  
Tags
 
Add a new tag
Caveats
  • Supply blocks, unpowered buildings, or Contaminate may cause inaccurate times.
  • Supply counts are checked every 10 seconds.